 Dungeon Crawl Stone Soup version 0.21.1-1-g345015f (webtiles) character file.

4291 Kagorn the Skirmisher (level 10, -3/86 HPs)
             Began as a Naga Fighter on June 22, 2018.
             Was a Priest of Hepliaklqana.
             Slain by an orc warrior
             ... wielding a +0 flail
             ... led by an orc knight
              (15 damage)
             ... while paralysed by an orc sorcerer
             ... on level 1 of the Orcish Mines.
             The game lasted 01:02:42 (7644 turns).

Kagorn the Skirmisher (Naga Fighter)                Turns: 7644, Time: 01:02:42

Health: -3/86      AC: 11    Str: 21    XL:     10   Next: 32%
Magic:  11/11      EV:  1    Int:  8    God:    Hepliaklqana [***...]
Gold:   526        SH:  0    Dex: 12    Spells: 9/11 levels left

rFire    . . .     SeeInvis +   a - +1 trident
rCold    + . .     Gourm    .   i - +2 shield
rNeg     . . .     Faith    .   y - +3 leather armour {rF+}
rPois    +         Spirit   .   (no helmet)
rElec    .         Reflect  .   D - +2 cloak
rCorr    .         Harm     .   (no gloves)
MR       +....                  (no barding)
Stlth    +++.......             (no amulet)
HPRegen  0.24/turn              l - ring of ice
MPRegen  0.12/turn              H - ring of flight

@: paralysed, drained, very slow
A: large, reduced essence, see invisible, deformed body, poison resistance,
slowness 2, slow metabolism 1, spit poison 1, AC +3
a: Spit Poison, Recall Ancestor, Ancestor Identity, Transference, Renounce
Religion, Evoke Flight


You were on level 1 of the Orcish Mines.
You worshipped Hepliaklqana.
Hepliaklqana was most pleased with you.
You were not hungry.

You visited 3 branches of the dungeon, and saw 11 of its levels.

You collected 526 gold pieces.

Inventory:

Hand Weapons
 a - a +1 trident (weapon)
 c - a +2 flail of protection
 j - a +1 spear of venom
 s - a +0 shortbow of freezing
 J - a +2 mace of crushing
 K - a +2 shortbow of flaming
 M - a cursed -3 dagger
Missiles
 g - 21 poisoned needles
 t - 181 arrows
 A - 4 curare-tipped needles
Armour
 b - a +1 ring mail of poison resistance
 h - a +0 large shield
 i - a +2 shield (worn)
 y - a +3 leather armour of fire resistance (worn)
 D - a +2 cloak (worn)
 I - a +0 plate armour
 N - a +2 leather armour of cold resistance
Jewellery
 l - a ring of ice (left hand)
 H - a ring of flight (right hand)
Wands
 e - a wand of flame (36)
 r - a wand of random effects (10)
 w - a wand of iceblast (8)
 F - a wand of acid (13)
Scrolls
 k - 3 scrolls of remove curse
 m - a scroll of identify
 o - 4 scrolls of enchant armour
 p - 3 scrolls of enchant weapon
 x - 2 scrolls of blinking
 C - 3 scrolls of teleportation
 L - a scroll of silence {unknown}
Potions
 d - a potion of might
 n - 3 potions of brilliance
 q - 6 potions of lignification
 v - 4 potions of curing
 z - a potion of heal wounds
 B - 3 potions of agility
Books
 u - a book of Cantrips

   Spells                             Type                      Level
   a - Confusing Touch                Hexes                        1
   b - Animate Skeleton               Necromancy                   1
   c - Summon Small Mammal            Summoning                    1
   d - Apportation                    Translocation                1
 E - a book of Conjurations

   Spells                             Type                      Level
   a - Magic Dart                     Conjuration                  1
   b - Searing Ray                    Conjuration                  2
   c - Dazzling Spray                 Conjuration/Hexes            3
   d - Fulminant Prism                Conjuration/Hexes            4
   e - Force Lance                    Conjuration/Translocation    4
   f - Iskenderun's Mystic Blast      Conjuration                  4
 G - a book of Debilitation

   Spells                             Type                      Level
   a - Corona                         Hexes                        1
   b - Slow                           Hexes                        2
   c - Inner Flame                    Hexes/Fire                   3
   d - Portal Projectile              Hexes/Translocation          3
   e - Cause Fear                     Hexes                        4
   f - Leda's Liquefaction            Hexes/Earth                  4
Comestibles
 f - 7 rations


   Skills:
 * Level 7.9(7.3) Fighting
 * Level 7.4(6.7) Polearms
 + Level 4.8(4.2) Armour
 + Level 3.8(3.3) Dodging
 + Level 7.4(6.7) Stealth
 + Level 4.8(4.2) Shields
 + Level 1.0(0.4) Spellcasting
 + Level 1.1(0.5) Hexes
 + Level 1.2(0.6) Translocations
 * Level 2.0(1.5) Invocations
 + Level 1.2(0.7) Evocations


You had 9 spell levels left.
You knew the following spells:

 Your Spells              Type           Power        Failure   Level  Hunger
a - Apportation           Tloc           #.....       71%         1    ##.....
b - Corona                Hex            #......      71%         1    ##.....


Dungeon Overview and Level Annotations

Branches:
Dungeon (9/15)             Temple (1/1) D:4             Orc (1/2) D:9
   Lair: D:8-11

Altars:
Ashenzari
Cheibriados
Dithmenos
Fedhas
Gozag
Hepliaklqana
Kikubaaqudgha
Makhleb
Nemelex Xobeh
Okawaru
Qazlal
Sif Muna
Trog
Uskayaw
Wu Jian
Xom
Yredelemnul
Zin
The Shining One


Innate Abilities, Weirdness & Mutations

You cannot wear boots.
Your serpentine skin is tough. (AC +3)
You have supernaturally acute eyesight. (SInv)
Armour fits poorly on your strangely shaped body.
Your system is resistant to poisons. (rPois)
You cover ground very slowly.
You have a slow metabolism.
You can spit poison.
Your life essence is reduced to manifest your ancestor. (-10% HP)


Message History

Iustina closely misses the orc sorcerer.
You hear a shout! x2
You barely miss the orc sorcerer.
The orc sorcerer is lightly wounded.
The orc sorcerer casts a spell at you.
You suddenly lose the ability to move!
Iustina casts a spell at the orc sorcerer.
The orc sorcerer easily resists.
The orc sorcerer hits you but does no damage.
The orc knight hits you with a long sword of protection!
Iustina barely misses the orc sorcerer.
An ogre comes into view. It is wielding a giant club.
The orc sorcerer hits you with a dagger.
Iustina closely misses the orc sorcerer.
The orc knight hits you with a long sword of protection!
* * * LOW HITPOINT WARNING * * *
The orc sorcerer hits you with a dagger.
* * * LOW HITPOINT WARNING * * *
The orc warrior hits you with a flail!
You die...

.. # .### #. .#.
## ... #.. .##
....#..###.$.# #
$........#..#...
.........oR.....
.......<@o.#
........oo#..O..
.......#.## #.#
........##
...#.#..
..>.#... ....
... .. ....


You could see the friendly Iustina the hexer, an orc knight, an orc sorcerer, an
orc warrior, an ogre and an orc.

Vanquished Creatures
  Maurice (D:8)
  2 orc warriors
  5 sky beasts
  An ice beast (D:7)
  3 ogres
  3 centaurs
  A gnoll sergeant (D:8)
  3 bullfrogs
  A wyvern zombie (D:8)
  Dowan (D:4)
  A scorpion (D:5)
  2 killer bees (D:8)
  3 crimson imps
  2 jellies
  Crazy Yiuf (D:4)
  2 orc priests
  A bullfrog skeleton (D:7)
  3 hounds
  A centaur skeleton (D:9)
  Natasha (twice) (D:4)
  3 worker ants
  2 iguanas
  3 orc wizards
  A hound skeleton (D:8)
  A hound zombie (D:5)
  2 gnolls (D:8)
  8 adders
  3 shadow imps
  An ooze (D:5)
  4 worms (D:3)
  A dart slug (D:3)
  3 leopard geckos
  31 orcs
  A ball python (D:6)
  5 giant cockroaches
  11 goblins
  9 hobgoblins
  7 jackals
  4 bats
  2 frilled lizards
  4 kobolds
  A leopard gecko zombie (D:7)
  7 rats
153 creatures vanquished.

Vanquished Creatures (collateral kills)
  An orc sorcerer (Orc:1)
  A water moccasin (D:9)
  Duvessa (D:4)
  A sky beast (D:6)
  An ogre (D:4)
  2 centaurs
  A scorpion (D:9)
  2 killer bees (D:8)
  A jelly (D:5)
  An orc priest (D:6)
  2 iguanas
  Natasha (D:4)
  A worker ant (D:7)
  A hound skeleton (D:7)
  A worker ant zombie (D:5)
  4 adders
  2 gnolls (D:8)
  An adder skeleton (D:6)
  A leopard gecko (D:8)
  3 orcs
  2 quokkas
31 creatures vanquished.

Vanquished Creatures (others)
  2 hexers (D:9)
  An ancestor (D:4)
3 creatures vanquished.

Grand Total: 187 creatures vanquished

Notes
Turn   | Place    | Note
-------+----------+-------------------------------------------
     0 | D:1      | Kagorn the Naga Fighter began the quest for the Orb.
     0 | D:1      | Reached XP level 1. HP: 21/21 MP: 1/1
    72 | D:1      | Reached XP level 2. HP: 13/28 MP: 2/2
   847 | D:1      | Reached XP level 3. HP: 34/34 MP: 3/3
  1096 | D:2      | Reached skill level 1 in Stealth
  1594 | D:2      | Found a blossoming altar of Fedhas.
  1612 | D:2      | Found a stormy altar of Qazlal.
  1629 | D:2      | Found a bloodstained altar of Trog.
  2174 | D:2      | Noticed a sky beast
  2180 | D:2      | Killed a sky beast
  2180 | D:2      | Reached XP level 4. HP: 44/44 MP: 4/4
  2180 | D:2      | Reached XP level 5. HP: 50/50 MP: 5/5
  2366 | D:3      | Found a glowing silver altar of Zin.
  2366 | D:3      | Noticed an angel
  2569 | D:3      | Reached skill level 1 in Dodging
  2905 | D:3      | You fall through a shaft!
  2905 | D:4      | Found a staircase to the Ecumenical Temple.
  2908 | Temple   | Entered the Ecumenical Temple
  2923 | Temple   | Became a worshipper of Hepliaklqana the Forgotten
  3004 | D:4      | Noticed Duvessa
  3005 | D:4      | Noticed Dowan
  3028 | D:5      | Entered Level 5 of the Dungeon
  3036 | D:5      | Noticed a centaur
  3051 | D:5      | Killed a centaur
  3051 | D:5      | Reached XP level 6. HP: 17/52 MP: 6/6
  3510 | D:4      | Reached * piety under Hepliaklqana
  3543 | D:4      | Noticed Natasha
  3548 | D:4      | Killed Natasha
  3563 | D:4      | Found a bloodstained altar of Trog.
  3565 | D:4      | Noticed Natasha
  3573 | D:4      | Killed Natasha
  3602 | D:4      | Noticed Natasha
  3606 | D:4      | Killed Natasha
  3606 | D:4      | Reached XP level 7. HP: 40/59 MP: 7/7
  3920 | D:4      | Killed Duvessa
  3939 | D:4      | Reached skill level 5 in Fighting
  3971 | D:4      | Killed Dowan
  4086 | D:4      | Found a runed door.
  4090 | D:4      | Noticed Crazy Yiuf
  4094 | D:4      | Killed Crazy Yiuf
  4295 | D:5      | Reached XP level 8. HP: 66/66 MP: 8/8
  4920 | D:6      | Reached skill level 5 in Polearms
  5056 | D:6      | Reached skill level 5 in Stealth
  5219 | D:6      | Reached ** piety under Hepliaklqana
  5228 | D:6      | Remembered your ancestor Iustina as a hexer
  5749 | D:7      | Reached XP level 9. HP: 75/76 MP: 9/9
  6230 | D:7      | Found a shattered altar of Ashenzari.
  6265 | D:8      | Found an ornate altar of the Wu Jian Council.
  6275 | D:8      | Noticed Maurice
  6300 | D:8      | Killed Maurice
  6354 | D:8      | Learned a level 1 spell: Apportation
  6428 | D:8      | Found a glowing golden altar of the Shining One.
  6935 | D:8      | Learned a level 1 spell: Corona
  7151 | D:9      | Reached XP level 10. HP: 86/86 MP: 10/10
  7257 | D:9      | Reached skill level 1 in Invocations
  7356 | D:9      | Reached *** piety under Hepliaklqana
  7412 | D:9      | Found a shimmering altar of Xom.
  7412 | D:9      | Found a burning altar of Makhleb.
  7419 | D:9      | Reached skill level 1 in Evocations
  7534 | D:9      | Reached skill level 1 in Translocations
  7610 | D:9      | Found a staircase to the Orcish Mines.
  7630 | Orc:1    | Entered Level 1 of the Orcish Mines
  7630 | Orc:1    | Noticed an orc sorcerer
  7634 | Orc:1    | Killed an orc sorcerer
  7634 | Orc:1    | Reached skill level 1 in Spellcasting
  7634 | Orc:1    | Reached skill level 1 in Hexes
  7635 | Orc:1    | Noticed an orc knight
  7636 | Orc:1    | Noticed an orc sorcerer
  7641 | Orc:1    | Paralysed by an orc sorcerer for 6 turns
  7644 | Orc:1    | Slain by an orc warrior

Skill      XL: |  1  2  3  4  5  6  7  8  9 10 |
---------------+-------------------------------+-----
Stealth        | 2 3 4 5 7 |  7.4
Fighting       | 4 5 6 7 |  7.9
Polearms       | 3 4 5 7 |  7.4
Dodging        | 1 2 3 |  3.8
Shields        | 3 4 |  4.8
Armour         | 3 4 |  4.8
Invocations    | 2 |  2.0
Evocations     | 1 |  1.2
Translocations | 1 |  1.2
Spellcasting   | 1 |  1.0
Hexes          | 1 |  1.1

Action                   |  1- 3 |  4- 6 |  7- 9 | 10-12 || total
-------------------------+-------+-------+-------+-------++-------
Melee: Trident           |   160 |   123 |   330 |    88 ||   701
       Spear             |       |       |    49 |     3 ||    52
       Mace              |       |       |       |     3 ||     3
Invok: Ancestor Life: He |       |       |     1 |       ||     1
       Ancestor Identity |       |       |     1 |       ||     1
  Use: Potion            |     3 |     1 |     1 |       ||     5
       Scroll            |       |     8 |    13 |     3 ||    24
 Stab: Sleeping          |       |       |    12 |     2 ||    14
       Distracted        |       |       |     3 |       ||     3
       Confused          |       |       |     1 |       ||     1
  Eat: Ration            |     1 |     1 |     3 |       ||     5
       Chunk             |     1 |       |     1 |       ||     2
Armor: Scale mail        |    79 |     6 |       |       ||    85
       Ring mail         |       |    35 |    16 |       ||    51
       Leather armour    |       |       |    62 |    36 ||    98
Dodge: Dodged            |    43 |    29 |    86 |    28 ||   186
Block: Shield            |    80 |    59 |   175 |    57 ||   371
